 Dungeon Crawl Stone Soup version 0.27-a0-333-gfa571bf19a (webtiles) character file.

Game seed: 6281807617381384936

114 Glundar the Skirmisher (level 4, -5/41 HPs)
             Began as a Hill Orc Fighter on Feb 12, 2021.
             Slain by an ogre
             ... wielding a +0 giant club
              (23 damage)
             ... on level 3 of the Dungeon.
             The game lasted 00:11:33 (2851 turns).

Glundar the Skirmisher (Hill Orc Fighter)           Turns: 2851, Time: 00:11:34

Health: -5/41      AC:  9    Str: 19    XL:     4   Next: 98%
Magic:  4/4        EV:  5    Int:  8    God:
Gold:   145        SH:  9    Dex: 10    Spells: 3/3 levels left

rFire    . . .     SeeInvis .   a - +0 war axe
rCold    . . .     Faith    .   c - +0 kite shield
rNeg     . . .     Spirit   .   r - +0 chain mail
rPois    .         Reflect  .   (no helmet)
rElec    .         Harm     .   (no cloak)
rCorr    .         Rampage  .   (no gloves)
Will     .....                  (no boots)
Stlth    ..........             (no amulet)
HPRegen  0.13/turn              (no ring)
MPRegen  0.09/turn              (no ring)

@: no status effects
A: no striking features
a: no special abilities


You were on level 3 of the Dungeon.
You visited 1 branch of the dungeon, and saw 4 of its levels.

You collected 145 gold pieces.

Inventory:

Hand Weapons
 a - a +0 war axe (weapon)
 b - a +0 hunting sling
 f - a +0 whip
Missiles
 k - 87 stones (quivered)
Armour
 c - a +0 kite shield (worn)
 j - a +0 scale mail
 r - a +0 chain mail (worn)
Jewellery
 h - an amulet of magic regeneration {unknown}
 q - a ring of wizardry {unknown}
 s - a +4 ring of protection {unknown}
 u - a +4 ring of protection {unknown}
Wands
 t - a wand of iceblast (9)
Scrolls
 e - 5 scrolls of identify {unknown}
 i - a scroll of amnesia {unknown}
 m - 2 scrolls of teleportation {unknown}
 o - a scroll of noise {unknown}
 p - a scroll of enchant armour {unknown}
Potions
 d - a potion of might
 g - 3 potions of attraction {unknown}
 l - a potion of curing {unknown}
 n - a potion of magic {unknown}


   Skills:
 + Level 4.4 Fighting
 + Level 3.8 Axes
 + Level 0.2(1.9) Maces & Flails
 + Level 1.1 Slings
 + Level 4.0 Armour
 + Level 4.0 Shields


You had 3 spell levels left.
You didn't know any spells.
Your spell library was empty.

Dungeon Overview and Level Annotations

Branches:
Dungeon (4/15)
 Temple: D:4-7

Altars:


Message History

There is a stone staircase leading up here.
You feel sick.
You are no longer poisoned.
You climb upwards.
There is a stone staircase leading down here.
You climb downwards.
There is a stone staircase leading up here.
b - a +0 hunting sling (weapon)
You shoot a stone. The stone hits the worm!
The worm is heavily wounded.
You shoot a stone. The stone hits the worm.
The worm is heavily wounded.
a - a +0 war axe (weapon)
You hit the worm.
The worm is heavily wounded.
The worm bites you.
You slash the worm!
You kill the worm!
No target in view!
b - a +0 hunting sling (weapon)
You start resting.
An ogre comes into view. It is wielding a +0 giant club.
You shoot a stone. The stone barely misses the ogre.
The ogre shouts!
You shoot a stone. The stone hits the ogre.
The ogre is lightly wounded.
You shoot a stone. The stone completely misses the ogre.
The ogre hits you with a +0 giant club!!
Ouch! That really hurt!
You climb upwards.
There is a stone staircase leading down here.
a - a +0 war axe (weapon)
You block the ogre's attack.
You are too injured to fight recklessly!
You are too injured to fight recklessly!
You barely miss the ogre.
The ogre is lightly wounded.
The ogre hits you with a +0 giant club!!
Ouch! That really hurt!
You die...

########### ..........#
.########># ...######.#
.......##.##############
.....#.##.#.....@O.....#
.#.#.#.##.#.##########.#
.#.#.#.##.#.# #.#
##.#.#.##.#.# #.#
...#.#.##.#.# #.#
####.#.##.#.# #.#######
####........# #.......#
........#.### #######.#
######..#.# #.#


You could see an ogre.

Vanquished Creatures
  2 adders
  An ooze (D:2)
  2 worms
  4 dart slugs
  2 leopard geckos
  An orc (D:3)
  5 giant cockroaches
  8 goblins
  8 hobgoblins
  2 jackals (D:3)
  2 quokkas (D:2)
  3 ball pythons
  10 bats
  3 frilled lizards
  12 kobolds
  7 rats
72 creatures vanquished.

Notes
Turn   | Place    | Note
-------+----------+-------------------------------------------
     0 | D:1      | Glundar the Hill Orc Fighter began the quest for the Orb.
     0 | D:1      | Reached XP level 1. HP: 19/19 MP: 1/1
   197 | D:1      | Reached XP level 2. HP: 27/27 MP: 2/2
   578 | D:1      | Reached XP level 3. HP: 33/33 MP: 3/3
  1279 | D:2      | Reached XP level 4. HP: 37/40 MP: 4/4
  1992 | D:3      | Reached skill level 1 in Slings
  2193 | D:3      | Found a faded altar of an unknown god.
  2750 | D:4      | Noticed an ogre
  2844 | D:4      | Noticed an ogre
  2851 | D:3      | Slain by an ogre

Illustrated notes

Levels and vault maps discovered:
D:1:      matt_arrival_diagonals, layout_basic
D:2:      layout_loops_ring
D:3:      layout_loops_ring, chequers_ecumenical_altar_twisty
D:4:      layout_basic, temple_hall

Skill      XL: |  1  2  3  4 |
---------------+-------------+-----
Axes           | 3 |  3.8
Fighting       | 4 |  4.4
Slings         | 1 |  1.1
Armour         | 4 |  4.0
Shields        | 4 |  4.0
Maces & Flails | |  0.2

Action                   |  1- 3 |  4- 6 || total
-------------------------+-------+-------++-------
Melee: War axe           |    99 |    62 ||   161
 Fire: Hunting sling     |    42 |    59 ||   101
Armor: Scale mail        |    62 |    26 ||    88
       Chain mail        |       |    25 ||    25
Dodge: Dodged            |    37 |    18 ||    55
Block: Kite shield       |    76 |    38 ||   114

Table legend: (Time is in decaauts)
 A = Elapsed time spent in this place.
 B = Non-inter-level travel time spent in this place.
 C = Inter-level travel time spent in this place.
 D = Time resting spent in this place.
 E = Time spent auto-exploring this place.
 F = Levels seen in this place.
 G = Mean time per level.
                   A        B        C        D        E       F      G
               +--------+--------+--------+--------+--------+-----+--------+
         Total |   2959 |   2710 |    249 |    326 |   1715 |   4 |  739.8 |
       Dungeon |   2959 |   2710 |    249 |    326 |   1715 |   4 |  739.8 |
               +--------+--------+--------+--------+--------+-----+--------+

Top non-repeatable levels by time:
     D:2: 1117 daAuts
     D:1: 910 daAuts
     D:3: 844 daAuts
     D:4: 87 daAuts
